Map: 机械城 - 天梯版

Players

Scarlett

  • Race: Zerg Zerg
  • League: Platinum

Serral - Winner!

  • Race: Zerg Zerg

Event: WESG 2018 Grand Finals

VOD

Have the link to the VOD?

Description

Time

  • Played on: March 16, 2019, 2:44 a.m.
  • Length: 11:22

All games in this series

Show
View Real Time Build Order
Export as new Build Order

Scarlett Zerg 

Build Orders: 3 Hatch before Pool 

Get SALT Encoding   

  12  0:00  Drone  
  13  0:12  Overlord  
  13  0:18  Drone  
  14  0:30  Drone  
  14  0:31  Drone  
  16  0:35  Drone  
  17  0:52  Hatchery  
  17  0:55  Drone  
  17  0:59  Drone  
  18  1:06  Drone  
  19  1:22  Hatchery  
  18  1:27  Extractor  
  17  1:37  Spawning Pool  
  17  1:39  Drone  
  17  1:43  Drone  
  19  1:47  Drone  
  19  1:55  Drone  
  20  2:03  Drone  
  20  2:04  Drone  
  22  2:12  Drone  
  22  2:15  Drone  
  24  2:23  Queen x2  
  28  2:31  Metabolic Boost  
  28  2:37  Overlord  
  28  2:38  Drone  
  28  2:40  Drone  
  28  2:42  Drone  
  31  2:47  Drone  
  32  2:51  Queen  
  32  2:57  Drone  
  32  2:58  Drone  
  36  3:00  Zergling x2  
  37  3:05  Zergling x2  
  37  3:06  Zergling x4  
  37  3:10  Overlord  
  39  3:14  Drone  
  39  3:15  Drone  
  39  3:19  Drone  
  42  3:26  Roach Warren  
  41  3:34  Drone x4  
  45  3:36  Zergling x2  
  45  3:39  Overlord  
  46  3:44  Zergling x4  
  48  3:48  Zergling x2  
  48  3:49  Zergling x2  
  50  4:00  Zergling x12  
  49  4:12  Roach x5  
  55  4:20  Queen  
  55  4:21  Queen  
  55  4:28  Overlord  
  55  4:31  Roach  
  57  4:37  Evolution Chamber  
  56  4:39  Roach  
  58  4:49  Zergling x14  
  64  4:56  Roach  
  65  5:05  Overlord  
  63  5:08  Roach  
  63  5:10  Roach x2, Zerg Missile Weapons Level 1  
  63  5:11  Drone  
  63  5:12  Drone x2  
  60  5:17  Drone  
  60  5:19  Queen  
  60  5:21  Extractor  
  60  5:22  Drone x2  
  62  5:28  Lair  
  62  5:29  Drone x3  
  62  5:34  Drone x2  
  65  5:36  Extractor  
  65  5:37  Extractor  
  65  5:41  Drone x2  
  65  5:48  Drone x3  
  65  5:49  Overlord  
  68  5:51  Overlord  
  68  5:53  Drone  
  68  5:57  Drone  
  70  6:01  Roach  
  70  6:02  Overlord, Drone  
  73  6:10  Roach x3  
  79  6:21  Drone x4  
  79  6:22  Drone x2  
  85  6:26  Extractor  
  85  6:28  Drone x4  
  85  6:34  Drone x4  
  85  6:35  Drone  
  85  6:38  Spire  
  85  6:46  Drone x6  
  89  6:51  Queen  
  90  7:01  Roach x3  
  96  7:08  Drone x2  
  98  7:10  Zerg Missile Weapons Level 2, Extractor  
  98  7:13  Drone  
  98  7:14  Overlord x2  
  98  7:21  Overseer  
  91  7:25  Hatchery  
  91  7:29  Drone x4  
  94  7:35  Drone x5  
  99  7:38  Drone  
  99  7:39  Overlord x2  
  99  7:43  Overlord  
  100  7:47  Overlord  
  100  7:48  Overlord  
  100  7:54  Mutalisk  
  102  8:00  Mutalisk x5  
  112  8:08  Roach x4  
  120  8:14  Nydus Network  
  129  8:20  Roach x5  
  129  8:27  Roach x3  
  129  8:30  Overlord  
  135  8:38  Glial Reconstitution  
  135  8:40  Overlord  
  135  8:41  Overlord x4  
  135  8:47  Roach  
  135  8:48  Roach x3  
  143  9:00  Roach  
  143  9:01  Roach x7  
  159  9:07  Overlord  
  159  9:09  Roach x4  
  167  9:17  Roach  
  167  9:18  Roach x3  
  167  9:21  Nydus Canal  
  167  9:22  Roach x2  
  179  9:25  Ravager x2  
  179  9:27  Roach x2  
  185  9:31  Roach x2  
  185  9:40  Roach  
  185  9:41  Roach x5  
  189  9:48  Roach x2  
  189  9:49  Roach  
  179  9:53  Roach  
  179  9:56  Roach x4  
  179  9:57  Roach  
  155  10:02  Roach x4  
  155  10:06  Roach  
  155  10:12  Roach  
  155  10:13  Ravager x3  
  148  10:16  Roach  
  138  10:21  Roach x2  
  138  10:24  Roach x2  
  127  10:28  Roach  
  127  10:30  Roach  
  127  10:31  Roach x2  
  127  10:34  Roach  
  129  10:39  Roach x2  
  120  10:46  Roach  
  120  10:48  Roach  
  120  10:49  Roach  
  95  10:56  Roach x2  
  82  11:00  Roach x4  
  82  11:01  Roach  
  88  11:12  Ravager  
Show
View Real Time Build Order
Export as new Build Order

Serral Zerg - Winner!

Build Orders: Hatch First, Zergling Baneling 

Get SALT Encoding   

  12  0:00  Drone  
  13  0:12  Overlord  
  13  0:18  Drone  
  14  0:32  Drone x2  
  16  0:49  Hatchery  
  15  0:52  Drone  
  15  0:56  Drone  
  17  0:59  Drone  
  18  1:10  Extractor  
  17  1:15  Spawning Pool  
  17  1:18  Drone  
  17  1:21  Drone  
  18  1:28  Drone  
  19  1:38  Drone  
  20  1:49  Overlord  
  20  2:01  Queen x2  
  20  2:02  Zergling x4  
  26  2:10  Metabolic Boost  
  26  2:11  Drone  
  26  2:14  Drone  
  28  2:21  Drone  
  28  2:22  Drone  
  30  2:37  Hatchery  
  30  2:40  Drone  
  30  2:43  Drone  
  31  2:46  Drone  
  32  2:51  Baneling Nest  
  32  2:53  Drone  
  32  2:57  Overlord  
  32  3:00  Drone  
  33  3:12  Zergling x6  
  36  3:16  Zergling x8  
  40  3:21  Zergling x2  
  40  3:22  Zergling x2  
  40  3:26  Overlord  
  42  3:35  Baneling  
  42  3:36  Baneling x3  
  42  3:37  Zergling x4  
  42  3:40  Overlord  
  44  3:48  Drone x4  
  47  4:00  Zergling x2  
  47  4:01  Zergling x6  
  46  4:11  Zergling x2  
  46  4:12  Zergling x8  
  46  4:15  Extractor  
  46  4:16  Roach Warren, Drone  
  50  4:18  Drone  
  50  4:21  Drone  
  50  4:22  Drone  
  51  4:28  Baneling x2  
  51  4:32  Drone x4  
  51  4:36  Baneling  
  51  4:37  Baneling x2  
  55  4:40  Evolution Chamber, Drone  
  55  4:43  Drone x2  
  57  4:47  Zergling x2  
  57  4:48  Zergling x2  
  57  4:50  Zergling x2  
  60  4:53  Zergling x2  
  60  4:55  Drone x2  
  60  4:57  Drone  
  63  5:03  Drone x3  
  63  5:04  Zergling x2  
  61  5:10  Zergling x2  
  61  5:13  Drone  
  59  5:16  Baneling x2  
  59  5:18  Queen  
  59  5:20  Overlord, Extractor  
  59  5:24  Roach x3  
  59  5:26  Baneling x2  
  65  5:29  Zerg Missile Weapons Level 1  
  65  5:36  Lair  
  65  5:42  Roach  
  67  5:45  Roach  
  67  5:48  Drone x5  
  74  5:51  Overlord  
  74  5:53  Overlord  
  74  5:57  Overlord  
  74  5:59  Overlord  
  74  6:05  Overlord  
  74  6:10  Drone x2  
  76  6:12  Drone x2  
  76  6:13  Drone  
  79  6:22  Roach x4  
  87  6:27  Roach  
  87  6:28  Roach x2  
  92  6:33  Roach  
  92  6:35  Glial Reconstitution  
  92  6:36  Drone  
  92  6:37  Drone x6  
  98  6:47  Overlord  
  98  6:49  Drone x2  
  98  6:52  Baneling x2  
  97  6:56  Extractor  
  97  6:57  Extractor x2  
  97  6:59  Drone  
  97  7:00  Evolution Chamber  
  94  7:02  Drone x2  
  94  7:03  Pneumatized Carapace  
  94  7:04  Overseer  
  96  7:10  Drone  
  96  7:11  Drone x4  
  96  7:15  Overlord  
  101  7:19  Roach x5  
  101  7:22  Roach x2  
  114  7:25  Hatchery  
  114  7:26  Zerg Missile Weapons Level 2  
  113  7:30  Overlord x2  
  113  7:34  Zerg Ground Armor Level 1  
  113  7:35  Overlord  
  113  7:37  Overlord  
  113  7:40  Overlord  
  113  7:42  Overlord, Roach  
  113  7:43  Roach  
  117  7:46  Roach x2  
  117  7:48  Roach x2  
  125  8:04  Hydralisk Den  
  125  8:12  Drone  
  125  8:13  Drone  
  125  8:14  Spore Crawler  
  125  8:15  Spore Crawler, Drone  
  125  8:17  Spore Crawler  
  124  8:22  Overlord x2  
  124  8:23  Drone  
  131  8:27  Roach x7  
  131  8:32  Spore Crawler  
  138  8:35  Grooved Spines, Hydralisk x6  
  138  8:41  Hydralisk x2  
  150  8:46  Ravager x2  
  150  8:48  Roach x3  
  162  8:54  Overlord x2  
  164  8:55  Roach  
  164  9:07  Roach x5  
  174  9:13  Roach x4  
  182  9:21  Roach x4  
  190  9:27  Overlord x2  
  188  9:35  Extractor  
  187  9:47  Roach x4  
  187  9:48  Spine Crawler x2, Roach  
  187  9:49  Spine Crawler  
  187  9:50  Roach  
  187  9:51  Roach  
  190  9:54  Roach  
  190  9:57  Roach x2  
  179  10:02  Roach x2  
  179  10:04  Roach  
  179  10:06  Roach  
  183  10:08  Roach  
  183  10:10  Roach x2  
  183  10:13  Roach x2  
  185  10:16  Roach  
  185  10:17  Roach  
  185  10:18  Roach  
  187  10:22  Hydralisk x2  
  187  10:24  Hydralisk x2  
  191  10:31  Roach  
  191  10:32  Roach x2  
  188  10:38  Roach  
  188  10:40  Roach  
  188  10:42  Hydralisk  
  176  10:48  Hydralisk  
  162  10:52  Hydralisk x2  
  153  11:02  Roach x2  
Tags
 
Add a new tag
Caveats
  • Supply blocks, unpowered buildings, or Contaminate may cause inaccurate times.
  • Supply counts are checked every 10 seconds.